[Event "ICC tourney 2028 (45 10)"]
[Site "Internet Chess Club"]
[Date "2020.10.03"]
[Round "4"]
[White "cozyblanket"]
[Black "Paladin51"]
[Result "0-1"]
[ICCResult "White resigns"]
[WhiteElo "1390"]
[BlackElo "1633"]
[Opening "Sicilian defense"]
[ECO "B44"]
[NIC "SI.39"]
[Time "18:32:17"]
[TimeControl "2700+10"]

1. e4 c5 2. Nf3 e6 3. d4 cxd4 4. Nxd4 Nc6 5. c4 Nf6 6. Nc3 Bb4 7. f3 Qa5 8.
Nxc6 bxc6 9. Bd2 d5 10. a3 Bxc3 11. Bxc3 Qd8 12. exd5 exd5 13. Qe2+ Qe7 14.
Bxf6 gxf6 15. Qxe7+ Kxe7 16. cxd5 cxd5 17. Bd3 h5 18. Kf2 f5 19. Rhe1+ Kf6
20. Rac1 Be6 21. Rc6 Rab8 22. b4 Rhc8 23. Rec1 Ke5 24. Rxc8 Rxc8 25. Rxc8
Bxc8 26. Kg3 Kd4 27. Bb5 Ke3 28. Be8 Be6 29. b5 d4 30. b6 axb6 31. Ba4 f6
32. Kh4 Bf7 33. g4 hxg4 34. fxg4 f4 35. g5 fxg5+ 36. Kxg5 f3 37. Bb5 d3 38.
Bxd3 Kxd3 39. Kf4 f2 {White resigns} 0-1

[Event "ICC tourney 2028 (45 10)"]
[Site "Internet Chess Club"]
[Date "2020.10.03"]
[Round "4"]
[White "ElijahL2020"]
[Black "agrimjax1"]
[Result "1-0"]
[ICCResult "Black checkmated"]
[WhiteElo "1287"]
[BlackElo "1441"]
[Opening "Scotch game"]
[ECO "C45"]
[NIC "SO.05"]
[Time "18:32:21"]
[TimeControl "2700+10"]

1. e4 e5 2. Nf3 Nc6 3. d4 exd4 4. Nxd4 Bc5 5. Be3 Qf6 6. c3 Nge7 7. Bc4 O-O
8. O-O d6 9. Nxc6 Nxc6 10. Bxc5 dxc5 11. Qc2 Ne5 12. Be2 Qg6 13. f4 Ng4 14.
Bxg4 Qxg4 15. Qd3 Bd7 16. Qf3 Qxf3 17. Rxf3 Bc6 18. Re3 Rfe8 19. Nd2 f5 20.
e5 Rad8 21. Nf3 h6 22. Rf1 c4 23. Nd4 Be4 24. Nb5 c6 25. Nd6 Re7 26. Nxe4
fxe4 27. Rxe4 Rd2 28. Rb1 b5 29. Kf1 g5 30. fxg5 Rf7+ 31. Kg1 hxg5 32. Rg4
Rf5 33. Rd4 Re2 34. Rd8+ Kg7 35. Rd7+ Rf7 36. Rd6 Rxe5 37. Rxc6 Re2 38. Rc5
Rff2 39. Rxg5+ Kf6 40. Rg3 Rxb2 41. Rxb2 Rxb2 42. Rf3+ Ke6 43. Rf2 Rb1+ 44.
Rf1 Rb2 45. h3 Rc2 46. Rf3 Rxa2 47. g4 Rd2 48. h4 Rd3 49. Rxd3 cxd3 50. Kf2
Kd5 51. Ke3 Kc4 52. Kd2 a5 53. h5 a4 54. h6 a3 55. h7 a2 56. h8=Q a1=Q 57.
Qg8+ Kc5 58. Qf8+ Kc6 59. Qf3+ Kb6 60. Qxd3 Qa2+ 61. Ke3 Qe6+ 62. Qe4 Qh6+
63. Kd3 Qg5 64. Qe3+ Qxe3+ 65. Kxe3 Kc5 66. Kd3 Kd5 67. g5 Ke5 68. g6 Kf6
69. g7 Kxg7 70. Kd4 Kf7 71. Kc5 Ke7 72. Kxb5 Kd7 73. Kb6 Kd6 74. c4 Kd7 75.
c5 Kd8 76. Kc6 Kc8 77. Kd6 Kd8 78. c6 Kc8 79. c7 Kb7 80. Kd7 Ka7 81. c8=Q
Kb6 82. Kd6 Ka5 83. Qb7 Ka4 84. Kc5 Ka5 85. Qa7# {Black checkmated} 1-0

[Event "ICC tourney 2028 (45 10)"]
[Site "Internet Chess Club"]
[Date "2020.10.03"]
[Round "4"]
[White "virajphadke"]
[Black "dangdang2000"]
[Result "1-0"]
[ICCResult "Black checkmated"]
[WhiteElo "1420"]
[BlackElo "1215"]
[Opening "Evans gambit"]
[ECO "C51"]
[NIC "IG.05"]
[Time "18:32:31"]
[TimeControl "2700+10"]

1. e4 e5 2. Nf3 Nc6 3. Bc4 Bc5 4. b4 Bxb4 5. c3 Bc5 6. d4 exd4 7. cxd4 Bb4+
8. Nbd2 d6 9. Qb3 Qe7 10. O-O Nf6 11. e5 dxe5 12. dxe5 Ng4 13. Re1 a5 14. a4
Ngxe5 15. Nxe5 Nxe5 16. Bb2 f6 17. Rad1 Bxd2 18. Re2 Bh6 19. Bb5+ c6 20. Ba3
Qe6 21. Bc4 Nxc4 22. Qxc4 Kf7 23. Rxe6 Bxe6 24. Rd7+ Kg6 25. Qxe6 Rhe8 26.
Qf7+ Kg5 27. g3 Kf5 28. Re7 Red8 29. Qh5+ Bg5 30. h4 h6 31. hxg5 hxg5 32.
g4+ Kf4 33. Bc1+ Kf3 34. Qh3# {Black checkmated} 1-0

[Event "ICC tourney 2028 (45 10)"]
[Site "Internet Chess Club"]
[Date "2020.10.03"]
[Round "4"]
[White "NeuralNetworkQS"]
[Black "kevin2010"]
[Result "1-0"]
[ICCResult "Black checkmated"]
[WhiteElo "919"]
[BlackElo "1181"]
[Opening "Sicilian defense"]
[ECO "B41"]
[NIC "SI.41"]
[Time "18:32:30"]
[TimeControl "2700+10"]

1. e4 c5 2. Nf3 e6 3. d4 cxd4 4. Nxd4 Qc7 5. Nc3 a6 6. g3 Nf6 7. Bf4 e5 8.
Bg5 exd4 9. Qxd4 Bc5 10. Qc4 Bxf2+ 11. Kxf2 Nc6 12. Bxf6 gxf6 13. Nd5 Qd6
14. Rd1 Qe5 15. Bg2 b5 16. Qc5 f5 17. Rhe1 fxe4 18. Rxe4 d6 19. Qxc6+ Bd7
20. Qxa8+ Bc8 21. Qxc8# {Black checkmated} 1-0

[Event "ICC tourney 2028 (45 10)"]
[Site "Internet Chess Club"]
[Date "2020.10.03"]
[Round "4"]
[White "mutantpenguin"]
[Black "javasri"]
[Result "0-1"]
[ICCResult "White checkmated"]
[WhiteElo "1363"]
[BlackElo "528"]
[Opening "French: advance, Milner-Barry gambit"]
[ECO "C02"]
[NIC "FR.03"]
[Time "18:32:42"]
[TimeControl "2700+10"]

1. e4 e6 2. d4 d5 3. e5 c5 4. c3 Nc6 5. Nf3 Qb6 6. Bd3 Bd7 7. O-O cxd4 8.
cxd4 Nxd4 9. Nxd4 Qxd4 10. Nc3 Qxe5 11. Re1 Qd6 12. Nb5 Qb8 13. Qf3 Bd6 14.
Nxd6+ Qxd6 15. Bf4 Qe7 16. Qg3 f6 17. Bxh7 Rxh7 18. Qg6+ Qf7 19. Qxh7 g5 20.
Qxf7+ Kxf7 21. Bg3 Ne7 22. Rac1 Bc6 23. f3 Nf5 24. Bf2 e5 25. Rcd1 a6 26.
Bb6 Rg8 27. h3 d4 28. Bc7 Rc8 29. Ba5 Ne3 30. Rc1 Re8 31. Bd2 Nd5 32. g4 Ne7
33. a3 Bxf3 34. Rc7 Rc8 35. Rxc8 Nxc8 36. Kf2 Bc6 37. Bb4 Nb6 38. Rc1 Nd5
39. Bd2 e4 40. Ke1 e3 41. Ba5 Ke6 42. Ke2 Nf4+ 43. Kd1 Ba4+ 44. Rc2 d3 45.
Kc1 dxc2 46. Bc7 Nd3# {White checkmated} 0-1

[Event "ICC tourney 2028 (45 10)"]
[Site "Internet Chess Club"]
[Date "2020.10.03"]
[Round "4"]
[White "jxfan1"]
[Black "Dhruti813kob36"]
[Result "0-1"]
[ICCResult "White resigns"]
[WhiteElo "1278"]
[BlackElo "1430"]
[Opening "Ruy Lopez: closed (10...c5)"]
[ECO "C96"]
[NIC "RL.23"]
[Time "18:32:17"]
[TimeControl "2700+10"]

1. e4 e5 2. Nf3 Nc6 3. Bb5 a6 4. Ba4 Nf6 5. O-O Be7 6. Re1 b5 7. Bb3 O-O 8.
c3 d6 9. h3 Na5 10. Bc2 c5 11. d4 Bb7 12. d5 Nc4 13. Nbd2 Nb6 14. Nf1 h6 15.
Ng3 Bc8 16. Be3 Nh7 17. Qc1 Nc4 18. Bd3 Nxe3 19. Qxe3 Ng5 20. Nxg5 Bxg5 21.
Qe2 Qf6 22. a4 c4 23. axb5 cxd3 24. Qxd3 a5 25. b4 a4 26. Qc2 Bd7 27. c4
Rfc8 28. Qd3 Qg6 29. Ra3 Bf4 30. Rea1 h5 31. Rxa4 Rxa4 32. Rxa4 Bxh3 33.
gxh3 h4 34. Kh2 hxg3+ 35. fxg3 Rxc4 36. gxf4 Rc1 37. Qg3 Rc2+ {White
resigns} 0-1

[Event "ICC tourney 2028 (45 10)"]
[Site "Internet Chess Club"]
[Date "2020.10.03"]
[Round "4"]
[White "Kyle45"]
[Black "tightfist"]
[Result "0-1"]
[ICCResult "White checkmated"]
[WhiteElo "1029"]
[BlackElo "1543"]
[Opening "KP: Nimzovich defense"]
[ECO "B00"]
[NIC "VO.06"]
[Time "18:32:11"]
[TimeControl "2700+10"]

1. e4 Nc6 2. d4 d5 3. e5 Bf5 4. a3 Nh6 5. Bxh6 gxh6 6. Nc3 Bg7 7. Nf3 e6 8.
Bd3 Bg4 9. Be2 Qe7 10. Qd2 a6 11. h3 Bf5 12. Bd3 Bg6 13. h4 O-O-O 14. O-O-O
Bh5 15. Be2 Rhg8 16. g3 Bg4 17. Ng1 Bxe2 18. Ngxe2 Qf8 19. Kb1 b5 20. Na2
Kb7 21. Nec1 f5 22. Nb3 Qe7 23. Nc5+ Kb6 24. Nb4 Nxe5 25. Ncxa6 Nf3 26. Qc3
Nxd4 27. Rxd4 c5 28. Rhd1 Bxd4 29. Rxd4 Qd6 30. Qe3 cxd4 31. Qxd4+ Ka5 32.
Qa7 Ra8 33. Qxh7 Rh8 34. Qg7 Rhg8 35. Qf7 Rgf8 36. Qg7 Rxa6 37. Qc3 d4 38.
Qd2 Kb6 39. Qxh6 Raa8 40. Qg7 Rg8 41. Qf7 Raf8 42. Qh5 Rg4 43. Qh6 Re4 44.
Qd2 f4 45. g4 f3 46. Nd3 Re2 47. Qg5 Qc6 48. Qc1 Rxc2 49. Qxc2 Qxc2+ 50.
Kxc2 Rh8 51. h5 Rg8 52. Ne5 Kc5 53. Kd3 Kd5 54. Ng6 Rg7 55. b3 e5 56. a4 e4+
57. Kd2 bxa4 58. bxa4 Ke6 59. a5 Ra7 60. h6 Kf6 61. Nf4 Rxa5 62. Nh3 Ra2+
63. Ke1 e3 64. g5+ Kg6 65. fxe3 dxe3 66. Nf4+ Kxg5 67. Ne6+ Kxh6 68. Kd1 f2
69. Nf4 f1=Q# {White checkmated} 0-1

[Event "ICC tourney 2028 (45 10)"]
[Site "Internet Chess Club"]
[Date "2020.10.03"]
[Round "4"]
[White "RatislavK"]
[Black "mehtaaditya"]
[Result "0-1"]
[ICCResult "White checkmated"]
[WhiteElo "1170"]
[BlackElo "1547"]
[Opening "Queen's pawn game, Darooha variation "]
[ECO "D02"]
[NIC "QP.08"]
[Time "18:32:13"]
[TimeControl "2700+10"]

1. d4 d5 2. Nf3 Nf6 3. g3 Bf5 4. Bg2 e6 5. c4 dxc4 6. Nc3 Bb4 7. Qa4+ Nc6 8.
Ne5 Bxc3+ 9. bxc3 O-O 10. Nxc6 bxc6 11. Qxc6 Nd5 12. Ba3 Re8 13. e4 Bg4 14.
h3 Bh5 15. exd5 exd5+ 16. Kf1 Be2+ 17. Kg1 Bd3 18. Bxd5 Rb8 19. Bf3 Re6 20.
Qc5 a6 21. Kg2 Rb5 22. Qa7 c6 23. Qxa6 Ra5 24. Qb7 Rxa3 25. Bxc6 Rxc3 26.
Rhe1 h6 27. Bd5 Rf6 28. Re3 Rc2 29. Rf3 Rxf3 30. Bxf3 Qxd4 31. h4 Qxf2+ 32.
Kh3 Bf5+ 33. g4 Qh2# {White checkmated} 0-1

[Event "ICC tourney 2028 (45 10)"]
[Site "Internet Chess Club"]
[Date "2020.10.03"]
[Round "4"]
[White "Beast908"]
[Black "bsarvagnya"]
[Result "1/2-1/2"]
[ICCResult "Black stalemated"]
[WhiteElo "1370"]
[BlackElo "1113"]
[Opening "Giuoco Piano"]
[ECO "C54"]
[NIC "IG.02"]
[Time "18:32:29"]
[TimeControl "2700+10"]

1. e4 e5 2. Nf3 Nc6 3. Bc4 Bc5 4. c3 Nf6 5. d4 exd4 6. cxd4 Bb4+ 7. Bd2
Bxd2+ 8. Nbxd2 d5 9. exd5 Nxd5 10. Qb3 Qe7+ 11. Kd1 O-O 12. Bxd5 Bd7 13. Re1
Qf6 14. Ne4 Qg6 15. Nc5 Bg4 16. h3 Bxf3+ 17. Bxf3 Nxd4 18. Be4 Qh5+ 19. g4
Qxc5 20. Qc3 Qxc3 21. bxc3 Nc6 22. Bxc6 bxc6 23. Re7 Rad8+ 24. Ke2 Rfe8 25.
Rxe8+ Rxe8+ 26. Kf3 Rb8 27. Re1 Kf8 28. Re2 g6 29. Rd2 Ke7 30. Ke4 f6 31. f4
Ke6 32. c4 f5+ 33. gxf5+ gxf5+ 34. Kf3 Rb4 35. Rc2 Kd6 36. Ke3 Kc5 37. Kd3
Rb8 38. Re2 Rd8+ 39. Kc3 Kd6 40. Rd2+ Ke7 41. Rxd8 Kxd8 42. Kd4 Kd7 43. Ke5
Ke7 44. Kxf5 Kf7 45. h4 h6 46. h5 a6 47. c5 a5 48. a4 Ke7 49. Kg6 Kf8 50. f5
Kg8 51. f6 Kh8 52. Kf7 Kh7 53. Ke7 Kg8 54. f7+ Kh7 55. f8=Q {Black
stalemated} 1/2-1/2

[Event "ICC tourney 2028 (45 10)"]
[Site "Internet Chess Club"]
[Date "2020.10.03"]
[Round "4"]
[White "wildrumpus"]
[Black "Deng16"]
[Result "0-1"]
[ICCResult "White checkmated"]
[WhiteElo "1476"]
[BlackElo "1384"]
[Opening "Queen's pawn: stonewall attack"]
[ECO "D00"]
[NIC "QP.08"]
[Time "18:32:19"]
[TimeControl "2700+10"]

1. d4 d5 2. e3 Nf6 3. Bd3 Nc6 4. f4 e6 5. Nd2 Bd6 6. Ngf3 Bd7 7. c3 Qe7 8.
O-O O-O 9. Ne5 h6 10. Qf3 Nh7 11. g4 Rad8 12. Kh1 Qh4 13. Qg2 Bxe5 14. fxe5
Ng5 15. e4 Ne7 16. exd5 Nxd5 17. Nf3 Nxf3 18. Rxf3 Bc6 19. Be4 Nf4 20. Rxf4
Qe1+ 21. Qf1 Qxf1+ 22. Rxf1 Bxe4+ 23. Kg1 b6 24. a4 Rd5 25. Be3 Rfd8 26. a5
Rb5 27. Rf2 Bd5 28. axb6 axb6 29. Raf1 Rd7 30. g5 hxg5 31. Bxg5 c5 32. Rc1
Bc4 33. Ra1 cxd4 34. Ra8+ Kh7 35. cxd4 Rxd4 36. Rxf7 Rg4+ 37. Kf2 Rxg5 38.
Raa7 Rbxe5 39. h4 Rgf5+ 40. Rxf5 Rxf5+ 41. Kg3 Rb5 42. Rc7 Bd5 43. Rc2 Be4
44. Re2 Bf5 45. Kf4 Rb4+ 46. Kg5 Re4 47. Rd2 Rg4+ 48. Kh5 g6# {White
checkmated} 0-1

[Event "ICC tourney 2028 (45 10)"]
[Site "Internet Chess Club"]
[Date "2020.10.03"]
[Round "4"]
[White "jason54312"]
[Black "Florina12345"]
[Result "1-0"]
[ICCResult "Black resigns"]
[WhiteElo "1577"]
[BlackElo "1339"]
[Opening "Giuoco Piano"]
[ECO "C50"]
[NIC "IG.02"]
[Time "18:32:22"]
[TimeControl "2700+10"]

1. e4 e5 2. Nf3 Nc6 3. Bc4 Bc5 4. O-O Nf6 5. d3 d6 6. c3 h6 7. Be3 Bxe3 8.
fxe3 Bd7 9. Nbd2 Qe7 10. d4 g5 11. d5 Na5 12. Bd3 b6 13. b4 Nb7 14. Qe1 Rg8
15. Qf2 Nh5 16. g3 Ng7 17. Kg2 h5 18. Nxg5 O-O-O 19. h4 f5 20. exf5 Ne8 21.
f6 Qf8 22. f7 Rg7 23. Ne6 Bxe6 24. dxe6 c5 25. e7 Qxf7 26. Qxf7 Rxf7 27.
Rxf7 Rd7 28. Bf5 d5 29. bxc5 bxc5 30. Bxd7+ Kxd7 31. Raf1 Nbd6 32. Rh7 Nc8
33. Rxh5 Nxe7 34. Rxe5 Kd6 35. Rh5 Nc6 36. Rh6+ Kc7 37. Rf7+ Kb6 38. Re7 Nc7
39. Rd7 Na6 40. Rxd5 Nb8 41. Rdd6 Kb7 42. Rxc6 Nxc6 43. Rxc6 Kxc6 44. h5
{Black resigns}
1-0

[Event "ICC tourney 2028 (45 10)"]
[Site "Internet Chess Club"]
[Date "2020.10.03"]
[Round "5"]
[White "Nedas15"]
[Black "RatislavK"]
[Result "0-1"]
[ICCResult "White resigns"]
[WhiteElo "357"]
[BlackElo "1105"]
[Opening "Sicilian defense"]
[ECO "B30"]
[NIC "SI.31"]
[Time "21:01:21"]
[TimeControl "2700+10"]

1. e4 c5 2. Nf3 Nc6 3. Bc4 g6 4. O-O Bg7 5. Nc3 e5 6. d3 d6 7. Ng5 Nh6 8.
Nxf7 Nxf7 9. Bxf7+ Kxf7 10. Qf3+ Bf6 11. Nd5 Nd4 12. Qg3 Ne2+ {White
resigns} 0-1

[Event "ICC tourney 2028 (45 10)"]
[Site "Internet Chess Club"]
[Date "2020.10.03"]
[Round "5"]
[White "agrimjax1"]
[Black "cozyblanket"]
[Result "1-0"]
[ICCResult "Black checkmated"]
[WhiteElo "1450"]
[BlackElo "1272"]
[Opening "Owen defense"]
[ECO "B00"]
[NIC "VO.01"]
[Time "21:01:10"]
[TimeControl "2700+10"]

1. e4 b6 2. Nc3 Bb7 3. d4 e6 4. Nf3 Bb4 5. e5 Bxc3+ 6. bxc3 d6 7. Be2 dxe5
8. Nxe5 Bxg2 9. Rg1 Bb7 10. Rxg7 Qh4 11. Ng4 Nf6 12. Bg5 Qh5 13. Nxf6+ Ke7
14. Nxh5+ Kd6 15. Rxf7 Nc6 16. Bf4+ Kd5 17. Bf3+ Kc4 18. Qd3# {Black
checkmated} 1-0

[Event "ICC tourney 2028 (45 10)"]
[Site "Internet Chess Club"]
[Date "2020.10.03"]
[Round "5"]
[White "RaymondJiang1"]
[Black "GPWKnight"]
[Result "1-0"]
[ICCResult "Black checkmated"]
[WhiteElo "1518"]
[BlackElo "1514"]
[Opening "French: advance, Milner-Barry gambit"]
[ECO "C02"]
[NIC "FR.03"]
[Time "21:01:25"]
[TimeControl "2700+10"]

1. e4 e6 2. d4 d5 3. e5 c5 4. c3 Qb6 5. Nf3 Nc6 6. Bd3 cxd4 7. cxd4 Bd7 8.
Bc2 Nb4 9. Ba4 Bxa4 10. Qxa4+ Qc6 11. Qxc6+ bxc6 12. Na3 Nd3+ 13. Ke2 Nxc1+
14. Rhxc1 Bxa3 15. bxa3 Kd7 16. Rab1 Kc7 17. Rc3 h6 18. Rcb3 Nf6 19. exf6
Rab8 20. Rxb8 Kd6 21. Rxh8 a6 22. Rb7 a5 23. Rd8# {Black checkmated} 1-0

[Event "ICC tourney 2028 (45 10)"]
[Site "Internet Chess Club"]
[Date "2020.10.03"]
[Round "5"]
[White "oxdidi"]
[Black "andrewj508"]
[Result "0-1"]
[ICCResult "White checkmated"]
[WhiteElo "1077"]
[BlackElo "1210"]
[Opening "Two knights defense (Modern bishop's opening)"]
[ECO "C55"]
[NIC "IG.01"]
[Time "21:01:24"]
[TimeControl "2700+10"]

1. e4 e5 2. Nf3 Nc6 3. Bc4 Nf6 4. d3 d6 5. h3 Be7 6. c3 a6 7. Bb3 h6 8. Nbd2
Be6 9. Bxe6 fxe6 10. O-O O-O 11. Re1 Re8 12. Nf1 Bf8 13. Ng3 Qd7 14. Be3
Rad8 15. Qd2 d5 16. exd5 exd5 17. Nh4 d4 18. cxd4 exd4 19. Qc1 dxe3 20. fxe3
Qxd3 21. Nhf5 Ne4 22. Rd1 Qxd1+ 23. Qxd1 Rxd1+ 24. Rxd1 Nxg3 25. Nxg3 Bd6
26. Nf5 Re5 27. Nxd6 cxd6 28. Rxd6 Rxe3 29. Rd7 Re7 30. Rd6 Na5 31. Rd2 Nc4
32. Rc2 b5 33. b3 Na3 34. Rb2 Rc7 35. Kh2 Rc2 36. Rxc2 Nxc2 37. Kg3 Nb4 38.
a3 Nc2 39. a4 Na1 40. axb5 axb5 41. b4 Nc2 42. Kf4 Nxb4 43. Ke3 Na2 44. Kd3
Nc1+ 45. Kc2 Ne2 46. g4 Nf4 47. h4 g5 48. h5 Kf7 49. Kb3 Ke6 50. Kb4 Ke5 51.
Kxb5 Ke4 52. Kc6 Kf3 53. Kc5 Kxg4 54. Kd4 Kxh5 55. Ke3 Kg4 56. Kf2 h5 57.
Kg1 h4 58. Kh1 Kf3 59. Kg1 g4 60. Kh1 Kf2 61. Kh2 g3+ 62. Kh1 g2+ 63. Kh2
g1=Q# {White checkmated} 0-1

[Event "ICC tourney 2028 (45 10)"]
[Site "Internet Chess Club"]
[Date "2020.10.03"]
[Round "5"]
[White "johnzabraham"]
[Black "SunnyDays0"]
[Result "1-0"]
[ICCResult "Black resigns"]
[WhiteElo "975"]
[BlackElo "1140"]
[Opening "French: advance variation"]
[ECO "C02"]
[NIC "FR.03"]
[Time "21:02:42"]
[TimeControl "2700+10"]

1. e4 e6 2. d4 d5 3. e5 c5 4. c3 Nc6 5. Bb5 a6 6. Ba4 b5 7. Bc2 Qb6 8. Nf3
Nge7 9. Bd3 Nf5 10. Bxf5 exf5 11. O-O Be7 12. Re1 O-O 13. Be3 b4 14. dxc5
Bxc5 15. Bxc5 Qxc5 16. Nbd2 bxc3 17. bxc3 Rb8 18. Nb3 Qb5 19. Rb1 Ne7 20.
Nbd4 {Black resigns} 1-0

[Event "ICC tourney 2028 (45 10)"]
[Site "Internet Chess Club"]
[Date "2020.10.03"]
[Round "5"]
[White "AngelaIL203"]
[Black "handsomematch"]
[Result "1-0"]
[ICCResult "Black resigns"]
[WhiteElo "1098"]
[BlackElo "1203"]
[Opening "Giuoco Piano"]
[ECO "C50"]
[NIC "IG.02"]
[Time "21:01:19"]
[TimeControl "2700+10"]

1. e4 e5 2. Nf3 Nc6 3. Bc4 Bc5 4. O-O Nf6 5. Nc3 d6 6. h3 O-O 7. d3 h6 8.
Be3 Bxe3 9. fxe3 Bd7 10. d4 Qe7 11. Qe2 Rad8 12. Nd5 Nxd5 13. exd5 Nb8 14.
dxe5 dxe5 15. e4 c6 16. Rad1 Qc5+ 17. Kh1 Qe7 18. d6 Qe8 19. Nh4 Be6 20.
Bxe6 Qxe6 21. Nf5 Nd7 22. Qg4 Qg6 23. Ne7+ {Black resigns} 1-0

[Event "ICC tourney 2028 (45 10)"]
[Site "Internet Chess Club"]
[Date "2020.10.03"]
[Round "5"]
[White "UltimateDL"]
[Black "ElijahL2020"]
[Result "0-1"]
[ICCResult "White checkmated"]
[WhiteElo "1478"]
[BlackElo "1243"]
[Opening "Scotch: Potter variation"]
[ECO "C45"]
[NIC "SO.05"]
[Time "21:01:12"]
[TimeControl "2700+10"]

1. e4 e5 2. Nf3 Nc6 3. d4 exd4 4. Nxd4 Bc5 5. Nb3 Bb6 6. Nc3 Nf6 7. Bg5 d6
8. Bd3 O-O 9. O-O Ne5 10. Nd5 Ned7 11. Qf3 c6 12. Nxf6+ Nxf6 13. Rad1 Bg4
14. Qf4 Bxd1 15. Rxd1 Qe7 16. Bxf6 Qxf6 17. Qxf6 gxf6 18. a4 a5 19. Be2 Rad8
20. Kf1 Rfe8 21. Bf3 Re5 22. Rd3 d5 23. exd5 cxd5 24. c4 dxc4 25. Rxd8+ Bxd8
26. Nd2 Rc5 27. Bxb7 Rc7 28. Bd5 c3 29. bxc3 Rxc3 30. Ke2 Bb6 31. Ne4 Ra3
32. Bc6 Ra2+ 33. Kf3 f5 34. Nf6+ Kg7 35. Nd5 Rxf2+ 36. Kg3 Bc5 37. Bd7 Rd2
38. Bc6 Bd6+ 39. Kh3 Rd3+ 40. g3 f4 41. Nb6 fxg3 42. hxg3 Rxg3+ 43. Kh4 Rg6
44. Be4 Be7+ 45. Kh3 Rxb6 46. Kg3 Rb4 47. Bc6 Bd6+ 48. Kg2 h5 49. Kh3 Be7
50. Kg3 Rb3+ 51. Kg2 h4 52. Kh2 Bd6+ 53. Kg2 Rb2+ 54. Kh3 Be7 55. Bf3 Rb3
56. Kg2 h3+ 57. Kf2 Bc5+ 58. Ke2 h2 59. Bg2 Rb2+ 60. Kf3 Rf2+ 61. Kg3 f5 62.
Kxh2 f4 63. Kh3 f3 64. Bh1 Bd6 65. Kg4 Ra2 66. Kxf3 Rxa4 67. Ke2 Ra3 68. Kd2
Be5 69. Kc2 a4 70. Bd5 Rc3+ 71. Kb1 Rd3 72. Bc4 Rd2 73. Be6 a3 74. Bc4 Rb2+
75. Kc1 a2 76. Bxa2 Rxa2 77. Kd1 Kf6 78. Ke1 Kf5 79. Kf1 Kf4 80. Kg1 Kg3 81.
Kf1 Bc3 82. Kg1 Ra1# {White checkmated} 0-1

[Event "ICC tourney 2028 (45 10)"]
[Site "Internet Chess Club"]
[Date "2020.10.03"]
[Round "5"]
[White "chaselea"]
[Black "Kfprasanna"]
[Result "0-1"]
[ICCResult "White resigns"]
[WhiteElo "680"]
[BlackElo "1367"]
[Opening "Queen's pawn, Mason variation"]
[ECO "D00"]
[NIC "QP.08"]
[Time "21:02:03"]
[TimeControl "2700+10"]

1. d4 d5 2. Bf4 c6 3. c3 Nf6 4. Nf3 Bf5 5. Nbd2 e6 6. e3 Nbd7 7. Be2 Be7 8.
O-O O-O 9. Qb3 b6 10. Ne5 Nxe5 11. Bxe5 Nd7 12. Bf4 Bg5 13. Bg3 h6 14. Ba6
Qe7 15. Bb7 Rae8 16. Bxc6 Rc8 17. Bb7 Nc5 18. dxc5 Qxb7 19. cxb6 axb6 20.
Rac1 Bd3 21. Rfe1 Bc4 22. Nxc4 dxc4 23. Qb5 Rc5 24. Qa4 Ra8 25. Qc2 Rxa2 26.
Ra1 Rca5 27. Reb1 Rxa1 28. Rd1 Rxd1+ 29. Qxd1 Qa8 {White resigns} 0-1

[Event "ICC tourney 2028 (45 10)"]
[Site "Internet Chess Club"]
[Date "2020.10.03"]
[Round "5"]
[White "bsarvagnya"]
[Black "chestnut01"]
[Result "1-0"]
[ICCResult "Black resigns"]
[WhiteElo "1107"]
[BlackElo "952"]
[Opening "French: advance, Paulsen attack"]
[ECO "C02"]
[NIC "FR.03"]
[Time "21:02:02"]
[TimeControl "2700+10"]

1. e4 e6 2. d4 d5 3. e5 c5 4. c3 Nc6 5. Nf3 Qb6 6. Na3 a6 7. Nc2 Nge7 8.
dxc5 Qxc5 9. Be3 Qa5 10. Bd3 Qc7 11. O-O Nxe5 12. Bf4 N7c6 13. Nxe5 Nxe5 14.
Re1 Bd6 15. Qe2 Nxd3 16. Bxd6 Qxd6 17. Qxd3 Kf8 18. c4 Bd7 19. cxd5 Qxd5 20.
Qa3+ Kg8 21. Rad1 Qc6 22. Qe7 Qxc2 23. Rxd7 Rf8 24. Rd8 {Black resigns} 1-0

[Event "ICC tourney 2028 (45 10)"]
[Site "Internet Chess Club"]
[Date "2020.10.03"]
[Round "5"]
[White "AJRChess2011"]
[Black "mutantpenguin"]
[Result "1-0"]
[ICCResult "Black checkmated"]
[WhiteElo "1308"]
[BlackElo "1327"]
[Opening "French defense"]
[ECO "C11"]
[NIC "FR.04"]
[Time "21:01:19"]
[TimeControl "2700+10"]

1. e4 e6 2. d4 d5 3. Nc3 Nf6 4. exd5 exd5 5. Nf3 Bd6 6. Bd3 O-O 7. O-O c6 8.
Re1 Bg4 9. h3 Bxf3 10. Qxf3 Nbd7 11. Ne2 Re8 12. Bf4 Bxf4 13. Nxf4 Qc7 14.
Rad1 Rad8 15. Nh5 Nxh5 16. Qxh5 Nf6 17. Qf3 Re7 18. Rxe7 Qxe7 19. Kf1 Re8
20. Qf4 h6 21. Qd2 Kf8 22. Re1 Qxe1+ 23. Qxe1 Rxe1+ 24. Kxe1 Ke7 25. Ke2 Ke6
26. Kd2 Kd6 27. Kc3 Ne4+ 28. Bxe4 dxe4 29. Kd2 f5 30. Ke3 g6 31. h4 g5 32.
hxg5 hxg5 33. g3 Kd5 34. c3 c5 35. dxc5 Kxc5 36. g4 Kd5 37. gxf5 Ke5 38. f6
Kxf6 39. Kxe4 Ke6 40. c4 b6 41. b3 a5 42. a4 Kf6 43. Kd5 Kf5 44. Kc6 Kf4 45.
Kxb6 Kf3 46. c5 Kxf2 47. c6 g4 48. c7 g3 49. c8=Q g2 50. Qc2+ Kg1 51. Kc5
Kh1 52. Qh7+ Kg1 53. Kd4 Kf1 54. Qd3+ Kg1 55. Ke3 Kh1 56. Qh7+ Kg1 57. Kf3
Kf1 58. Qb1# {Black checkmated} 1-0

[Event "ICC tourney 2028 (45 10)"]
[Site "Internet Chess Club"]
[Date "2020.10.03"]
[Round "5"]
[White "Paladin51"]
[Black "jxfan1"]
[Result "1/2-1/2"]
[ICCResult "Game drawn by mutual agreement"]
[WhiteElo "1626"]
[BlackElo "1265"]
[Opening "Queen's pawn game"]
[ECO "D05"]
[NIC "QP.06"]
[Time "21:01:21"]
[TimeControl "2700+10"]

1. d4 Nf6 2. Nf3 d5 3. e3 e6 4. Bd3 Nbd7 5. O-O Bd6 6. b3 b6 7. Bb2 Bb7 8.
Nbd2 c5 9. c4 cxd4 10. exd4 O-O 11. Re1 Rc8 12. Ne5 dxc4 13. Ndxc4 Bxe5 14.
dxe5 Nd5 15. Nd6 Rc7 16. Nxb7 Rxb7 17. Ba3 Re8 18. Qh5 h6 19. Bb5 Rc7 20.
Rac1 a6 21. Bc6 Qc8 22. Bxd7 Qxd7 23. Bd6 Rxc1 24. Rxc1 Rc8 25. Qd1 Rc6 26.
Ba3 Qc7 27. Rxc6 Qxc6 28. Qc1 Qxc1+ 29. Bxc1 Nc3 30. Be3 b5 31. a3 Nb1
{Game drawn by mutual agreement}
1/2-1/2

[Event "ICC tourney 2028 (45 10)"]
[Site "Internet Chess Club"]
[Date "2020.10.03"]
[Round "5"]
[White "srinandasai12"]
[Black "virajphadke"]
[Result "0-1"]
[ICCResult "White checkmated"]
[WhiteElo "1232"]
[BlackElo "1614"]
[Opening "Sicilian: Alapin's variation (2.c3)"]
[ECO "B22"]
[NIC "SI.46"]
[Time "21:01:22"]
[TimeControl "2700+10"]

1. e4 c5 2. c3 d6 3. d4 cxd4 4. cxd4 Nf6 5. Nc3 g6 6. Bc4 Bg7 7. Nf3 O-O 8.
Be3 a6 9. Qd2 b5 10. Bb3 Bb7 11. d5 Nbd7 12. h4 h5 13. Bh6 Nc5 14. Bxg7 Kxg7
15. Ng5 Bc8 16. f3 Nxb3 17. axb3 e6 18. g4 exd5 19. gxh5 Nxh5 20. Nxd5 Be6
21. Qd4+ Kg8 22. Nxe6 fxe6 23. Rg1 exd5 24. Qxd5+ Kh7 25. Qe6 Qf6 26. Qd7+
Rf7 27. Qg4 Rg8 28. Kf2 Qxb2+ 29. Ke3 Qc3+ 30. Kf2 Qd2+ 31. Kf1 Qd3+ 32. Kf2
Qd4+ 33. Ke2 Nf4+ 34. Ke1 Qxa1+ 35. Kf2 Qd4+ 36. Ke1 Nd3+ 37. Kf1 Qf2#
{White checkmated}
0-1